 Dungeon Crawl Stone Soup version 0.28-a0-1415-g7c84da036a (webtiles) character file.

Game seed: 6180698807571052495

843 kae the Changer (level 7, -6/62 HPs)
             Began as a Purple Draconian Transmuter on Jan 7, 2022.
             Mangled by Pikel (11 damage)
             ... on level 4 of the Dungeon.
             The game lasted 00:03:45 (5664 turns).

kae the Changer (Purple Draconian Transmuter)       Turns: 5664, Time: 00:03:46

Health: -6/62      AC:  7    Str: 12    XL:     7   Next: 68%
Magic:  11/14      EV: 10    Int: 16    God:
Gold:   213        SH:  0    Dex: 11    Spells: 8/16 levels left

rFire   x . .      SeeInvis .     - Unarmed
rCold   + + +      Faith    .   (shield currently unavailable)
rNeg    . . .      Spirit   .   (armour unavailable)
rPois   +          Reflect  .   (helmet currently unavailable)
rElec   .          Harm     .   (cloak currently unavailable)
rCorr   .          Rampage  .   (gloves currently unavailable)
Will    +....                   (boots currently unavailable)
Stlth   +.........              (no amulet)
HPRegen 0.20/turn               (no ring)
MPRegen 0.14/turn               (no ring)

@: ice-form
A: freezing attack, amphibious, boosted hp, (breathe power), AC +6, large,
unfitting armour, (cold-blooded)
a: End Transformation


You were on level 4 of the Dungeon.
You were a creature of crystalline ice.
You visited 1 branch of the dungeon, and saw 4 of its levels.

You collected 213 gold pieces.

Inventory:

Wands
 d - a wand of flame (9)
Scrolls
 e - 2 scrolls of vulnerability
 g - a scroll of teleportation
Potions
 a - 2 potions of haste
 b - a potion of cancellation
 c - a potion of attraction {unknown}
 f - a potion of might {unknown}
 i - a potion of heal wounds


   Skills:
 - Level 1.1 Fighting
 - Level 1.7 Dodging
 - Level 3.0 Unarmed Combat
 + Level 5.0 Spellcasting
 * Level 6.1 Transmutations
 * Level 4.6 Ice Magic
 - Level 1.0 Poison Magic


You had 8 spell levels left.
You knew the following spells:

 Your Spells              Type           Power      Damage    Failure   Level
a - Beastly Appendage     Tmut           46%        N/A       1%          1
b - Spider Form           Tmut/Pois      15%        N/A       11%         3
c - Ice Form              Ice/Tmut       21%        N/A       17%         4

Your spell library contained the following spells:

 Spells                   Type           Power      Damage    Failure   Level
 Wereblood                Tmut           23%        N/A       1%          2
 Animate Skeleton         Necr           8%         N/A       16%         1
 Pain                     Necr           16%        1d4       16%         1
 Tukima's Dance           Hex            4%         N/A       41%         3
 Vampiric Draining        Necr           4%         2d6       41%         3
 Yara's Violent Unravell  Hex/Tmut       6%         3d5       77%         5
 Passage of Golubria      Tloc           4%         N/A       83%         4


Dungeon Overview and Level Annotations

Branches:
Dungeon (4/15)
 Temple: D:4-7

Altars:

Annotations:
D:3 1 runed translucent door, Crazy Yiuf
D:4 Pikel


Innate Abilities, Weirdness & Mutations

You are a creature of crystalline ice.
You have a powerful freezing melee attack.
You are amphibious.
Your maximum health is increased.
Your armour is entirely melded.
You are incapable of wielding weapons or throwing items.
((You can breathe bolts of dispelling energy.))
((Your rich purple scales are hard. (AC +6)))
You cannot fit into any form of body armour.
((You are cold-blooded and may be slowed by cold attacks.))


Message History

Casting: Spider Form (dangerous; 11% risk of failure)
Confirm with . or Enter, or press ? or * to list all spells.
The spell is quite dangerous to miscast (17% risk of failure)!
Continue anyway? [Y]es or [N]o only, please.
The spell is quite dangerous to miscast (17% risk of failure)!
Continue anyway?
You turn into a creature of crystalline ice.
The lemure shouts!
You hear a shout!
You hit Pikel.
Pikel is lightly wounded.
Pikel hits you with a +2 whip of electrocution.
You punch Pikel!
Pikel is moderately wounded.
Pikel hits you with a +2 whip of electrocution.
You barely miss Pikel.
Pikel is moderately wounded.
Pikel hits you with a +2 whip of electrocution.
You hit Pikel but do no damage.
Pikel is moderately wounded.
Pikel hits you with a +2 whip of electrocution!
You are electrocuted!
You hit Pikel. You freeze Pikel.
Pikel is heavily wounded.
Pikel barely misses you.
You barely miss Pikel.
Pikel is heavily wounded.
Pikel hits you but does no damage.
You barely miss Pikel.
Pikel is heavily wounded.
Pikel closely misses you.
You hit Pikel but do no damage.
Pikel is heavily wounded.
Pikel hits you with a +2 whip of electrocution.
You are electrocuted!!
* * * LOW HITPOINT WARNING * * *
You hit Pikel but do no damage.
Pikel is heavily wounded.
Pikel hits you with a +2 whip of electrocution.
* * * LOW HITPOINT WARNING * * *
You are electrocuted!
You die...

## #########
#.......# ######
#.#####.#
#####....####.####*,*
.................#*,*
#..##.##.####.##Y#*,*
#..##.##.# #.##K#*,*
......##.# #..555,,*
#..#####.# ####.##**
...#####.# #.#*
<........## #..*
..###.....# ##.**
..###.....# *,.,*
..........# ***,,,***


You could see Pikel and 3 lemures.

Vanquished Creatures
  Menkaure (D:4)
  Duvessa (D:4)
  A black bear (D:4)
  2 necrophages (D:4)
  A phantom (D:4)
  A lemure (D:3)
  Blork the orc (D:4)
  Dowan (D:4)
  2 orc wizards (D:4)
  A howler monkey skeleton (D:4)
  2 adders
  An adder skeleton (D:4)
  3 worms
  3 dart slugs
  7 orcs
  9 ball pythons
  4 endoplasms
  6 giant cockroaches
  6 goblins
  10 hobgoblins
  A jackal (D:3)
  4 kobolds
  4 quokkas
  2 bats
  6 frilled lizards
  8 rats
88 creatures vanquished.

Notes
Turn   | Place    | Note
-------+----------+-------------------------------------------
     0 | D:1      | kae the Draconian Transmuter began the quest for the Orb.
     0 | D:1      | Reached XP level 1. HP: 16/16 MP: 3/3
   218 | D:1      | Reached XP level 2. HP: 22/23 MP: 3/5
   779 | D:1      | Reached skill level 3 in Transmutations
  1213 | D:1      | Found a faded altar of an unknown god.
  1308 | D:1      | Reached XP level 3. HP: 22/28 MP: 4/6
  1312 | D:1      | Learned a level 3 spell: Spider Form
  2020 | D:2      | Reached skill level 1 in Poison Magic
  2643 | D:3      | Found a runed translucent door.
  2643 | D:3      | Identified the +8 mace "Ukoec" {vorpal, rC+ Str+2}
  2644 | D:3      | Noticed Crazy Yiuf
  2678 | D:3      | Reached XP level 4. HP: 34/35 MP: 6/8
  2780 | D:3      | Learned a level 4 spell: Ice Form
  2828 | D:3      | You fall into a shaft and drop 1 floor!
  2916 | D:4      | Noticed a necrophage
  2936 | D:4      | Killed a necrophage
  2937 | D:4      | Reached skill level 4 in Transmutations
  2937 | D:4      | Reached skill level 1 in Ice Magic
  2937 | D:4      | Reached XP level 5. HP: 24/40 MP: 9/9
  3053 | D:4      | Noticed a necrophage
  3059 | D:4      | Killed a necrophage
  3686 | D:4      | Noticed Pikel
  3686 | D:4      | Noticed a lemure
  3686 | D:4      | Noticed a lemure
  3686 | D:4      | Noticed a lemure
  3686 | D:4      | Noticed a lemure
  3705 | D:3      | Killed a lemure
  3710 | D:3      | Reached XP level 6. HP: 32/47 MP: 7/10
  3891 | D:4      | Noticed Menkaure
  4302 | D:4      | Noticed Duvessa
  4302 | D:4      | Noticed Dowan
  4689 | D:4      | Noticed Blork the orc
  4705 | D:4      | Killed Blork the orc
  4706 | D:4      | Reached skill level 5 in Transmutations
  5079 | D:4      | Killed Menkaure
  5080 | D:4      | Your scales start taking on a rich purple colour.
  5080 | D:4      | Reached XP level 7. HP: 41/52 MP: 3/13
  5293 | D:4      | Killed Duvessa
  5310 | D:4      | Killed Dowan
  5427 | D:4      | Reached skill level 5 in Spellcasting
  5427 | D:4      | Reached skill level 6 in Transmutations
  5664 | D:4      | Mangled by Pikel

Illustrated notes

Levels and vault maps discovered:
D:1:      erik_arrival_triangle_small, layout_loops_cross,
          shapermc_ecumenical_altar_hornbeckon
D:2:      layout_loops_cross
D:3:      layout_basic, grunt_decor_junction, uniq_crazy_yiuf_cottage
D:4:      layout_loops_cross, nicolae_qazlal_style_of_elements,
          uniq_blork_the_orc, uniq_menkaure, uniq_duvessa, uniq_pikel

Skill      XL: |  1  2  3  4  5  6  7 |
---------------+----------------------+-----
Transmutations | 3 4 5 6 |  6.1
Poison Magic   | 1 |  1.0
Spellcasting   | 3 4 5 |  5.0
Ice Magic      | 1 2 3 4 |  4.6
Fighting       | |  1.1
Dodging        | |  1.7
Unarmed Combat | |  3.0

Action                   |  1- 3 |  4- 6 |  7- 9 || total
-------------------------+-------+-------+-------++-------
Melee: Unarmed           |   137 |   146 |    48 ||   331
       Headbutt          |    20 |     5 |       ||    25
       Tailslap          |    15 |     7 |       ||    22
       Kick              |    27 |    17 |       ||    44
       Punch             |     1 |       |       ||     1
 Cast: Beastly Appendage |    33 |    13 |       ||    46
       Spider Form       |     1 |     7 |     1 ||     9
       Ice Form          |       |     2 |     3 ||     5
 Abil: End Transformatio |       |     1 |       ||     1
  Use: Scroll            |     3 |     6 |       ||     9
 Stab: Sleeping          |       |     1 |       ||     1
Armor: Skin              |    32 |    38 |    11 ||    81
Dodge: Dodged            |    77 |   123 |    20 ||   220

Table legend: (Time is in decaauts)
 A = Elapsed time spent in this place.
 B = Non-inter-level travel time spent in this place.
 C = Inter-level travel time spent in this place.
 D = Time resting spent in this place.
 E = Time spent auto-exploring this place.
 F = Levels seen in this place.
 G = Mean time per level.
                   A        B        C        D        E       F      G
               +--------+--------+--------+--------+--------+-----+--------+
         Total |   5661 |   5434 |    227 |    288 |   4239 |   4 | 1415.2 |
       Dungeon |   5661 |   5434 |    227 |    288 |   4239 |   4 | 1415.2 |
               +--------+--------+--------+--------+--------+-----+--------+

Top non-repeatable levels by time:
     D:3: 1593 daAuts
     D:1: 1588 daAuts
     D:4: 1466 daAuts
     D:2: 1013 daAuts
